 Dungeon Crawl Stone Soup version 0.21.0-24-g2553a33 (webtiles) character file.

900 raph the Firebug (level 7, -3/40 HPs)
             Began as a Deep Elf Fire Elementalist on Jan 21, 2018.
             Slain by Zorot's ghost (7 damage)
             ... on level 5 of the Dungeon.
             The game lasted 00:12:43 (6648 turns).

raph the Firebug (Deep Elf Fire Elementalist)       Turns: 6648, Time: 00:12:44

Health: -3/40      AC:  3    Str:  5    XL:     7   Next: 79%
Magic:  11/17      EV: 12    Int: 25    God:
Gold:   293        SH:  0    Dex: 16    Spells: 4/17 levels left

rFire    . . .     SeeInvis .   n - -2 quarterstaff (curse)
rCold    . . .     Gourm    .   (shield currently unavailable)
rNeg     . . .     Faith    .   l - +0 leather armour (curse)
rPois    .         Spirit   .   (no helmet)
rElec    .         Reflect  .   (no cloak)
rCorr    .         Harm     .   (no gloves)
MR       .....                  (no boots)
Stlth    ++........             (no amulet)
HPRegen  0.13/turn              q - +4 ring of intelligence
MPRegen  0.15/turn              (no ring)

@: no status effects
A: no striking features
a: no special abilities


You were on level 5 of the Dungeon.
You were not hungry.

You visited 1 branch of the dungeon, and saw 5 of its levels.

You collected 293 gold pieces.

Inventory:

Hand Weapons
 a - a +0 short sword
 d - a +4 short sword
 n - a cursed -2 quarterstaff (weapon)
 v - the +3 long sword of True Grit {slice, rN++ Str-2, unknown}
   (You took it off an orc wizard on level 5 of the Dungeon)

   It inflicts extra damage upon your enemies.
   It affects your strength (-2).
   It greatly protects you from negative energy.
Missiles
 f - 3 poisoned tomahawks (quivered)
Armour
 e - a +0 robe
 k - a +0 buckler
 l - a cursed +0 leather armour (worn)
Jewellery
 q - a +4 ring of intelligence (left hand)
Wands
 s - a wand of iceblast (10)
Scrolls
 t - a scroll of enchant weapon
 w - a scroll of teleportation
Potions
 g - 2 potions of brilliance
 h - a potion of haste {unknown}
 i - 5 potions of curing
 j - a potion of magic {unknown}
 m - a potion of heal wounds
 o - a potion of mutation {unknown}
 p - a potion of degeneration {unknown}
 r - a potion of flight {unknown}
Books
 b - a book of Flames

   Spells                             Type                      Level
   a - Flame Tongue                   Conjuration/Fire             1
   b - Throw Flame                    Conjuration/Fire             2
   c - Conjure Flame                  Conjuration/Fire             3
   d - Inner Flame                    Hexes/Fire                   3
   e - Sticky Flame                   Conjuration/Fire             4
   f - Fireball                       Conjuration/Fire             5
Comestibles
 c - 8 rations
 u - 2 chunks of flesh


   Skills:
 + Level 2.1 Fighting
 + Level 2.2 Armour
 - Level 2.5 Dodging
 - Level 2.5 Stealth
 + Level 5.7 Spellcasting
 + Level 4.3 Conjurations
 * Level 6.9 Fire Magic


You had 4 spell levels left.
You knew the following spells:

 Your Spells              Type           Power        Failure   Level  Hunger
a - Flame Tongue          Conj/Fire      #####        1%          1    None
b - Throw Flame           Conj/Fire      #####.       1%          2    None
c - Conjure Flame         Conj/Fire      #####...     3%          3    #......
d - Inner Flame           Hex/Fire       ###.....     9%          3    #......
e - Sticky Flame          Conj/Fire      #####...     12%         4    ###....


Dungeon Overview and Level Annotations

Branches:
Dungeon (5/15)
 Temple: D:4-7

Altars:
Trog

Annotations:
D:5 Zorot's ghost, amateur FoFi


Message History

Zorot's ghost is almost destroyed.
Zorot's ghost hits you!
* * * LOW HITPOINT WARNING * * *
Casting: Flame Tongue
Confirm with . or Enter, or press ? or * to list all spells.
Aiming: Flame Tongue
Press: ? - help, Shift-Dir - straight line, f/p - Zorot's ghost
Aim: Zorot's ghost (almost destroyed)
The flame tongue hits Zorot's ghost.
Zorot's ghost is almost destroyed.
Zorot's ghost closely misses you.
Casting: Flame Tongue
Confirm with . or Enter, or press ? or * to list all spells.
Aiming: Flame Tongue
Press: ? - help, Shift-Dir - straight line, f/p - Zorot's ghost
Aim: Zorot's ghost (almost destroyed)
The flame tongue hits Zorot's ghost.
Zorot's ghost is almost destroyed.
Zorot's ghost hits you!
You die...

### ..
..#################
.. ..#.............
#.##.#.############
#.#..#.########
#.#............
#W####.########
#.@....# ########


You could see Zorot's ghost.

Vanquished Creatures
  Eustachio (D:4)
  2 ogres
  A scorpion (D:4)
  A bullfrog zombie (D:5)
  2 hounds
  An orc priest (D:5)
  A gnoll shaman (D:5)
  Terence (D:2)
  Natasha (thrice) (D:2)
  An orc wizard (D:5)
  3 worker ants
  4 gnolls (D:5)
  4 adders
  3 oozes
  2 worms (D:2)
  3 dart slugs (D:1)
  3 leopard geckos
  8 orcs
  3 giant cockroaches
  8 goblins
  9 hobgoblins
  7 jackals
  A quokka (D:4)
  5 ball pythons
  11 bats
  9 frilled lizards
  11 kobolds
  A quokka skeleton (D:5)
  10 rats
119 creatures vanquished.

Notes
Turn   | Place    | Note
-------+----------+-------------------------------------------
     0 | D:1      | raph the Deep Elf Fire Elementalist began the quest for the Orb.
     0 | D:1      | Reached XP level 1. HP: 10/10 MP: 6/6
   407 | D:1      | Reached XP level 2. HP: 15/15 MP: 5/8
   695 | D:1      | Learned a level 2 spell: Throw Flame
   877 | D:1      | Reached XP level 3. HP: 19/19 MP: 7/9
   882 | D:1      | Learned a level 3 spell: Conjure Flame
   907 | D:1      | Reached skill level 4 in Fire Magic
  1613 | D:2      | Learned a level 3 spell: Inner Flame
  1764 | D:2      | Noticed Terence
  1771 | D:2      | Killed Terence
  1771 | D:2      | Reached XP level 4. HP: 22/24 MP: 4/11
  2222 | D:2      | Noticed Natasha
  2226 | D:2      | Killed Natasha
  2274 | D:2      | Reached XP level 5. HP: 28/28 MP: 8/13
  2378 | D:2      | Noticed Natasha
  2485 | D:2      | Killed Natasha
  2485 | D:2      | Reached skill level 5 in Fire Magic
  2746 | D:2      | Found a bloodstained altar of Trog.
  2802 | D:2      | Noticed Natasha
  2804 | D:2      | Killed Natasha
  3746 | D:3      | Learned a level 4 spell: Sticky Flame
  4567 | D:4      | Reached skill level 1 in Armour
  4567 | D:4      | Reached XP level 6. HP: 33/33 MP: 3/14
  4762 | D:4      | Reached skill level 1 in Fighting
  5019 | D:4      | Noticed Eustachio
  5029 | D:4      | Killed Eustachio
  5029 | D:4      | Reached skill level 5 in Spellcasting
  5029 | D:4      | Reached skill level 6 in Fire Magic
  5029 | D:4      | Reached XP level 7. HP: 7/38 MP: 6/16
  5937 | D:5      | Entered Level 5 of the Dungeon
  6235 | D:5      | Got a translucent long sword {slice}
  6575 | D:5      | Noticed Zorot's ghost (amateur FoFi)
  6648 | D:5      | Slain by Zorot's ghost

Skill      XL: |  1  2  3  4  5  6  7 |
---------------+----------------------+-----
Fire Magic     | 4 5 6 |  6.9
Conjurations   | 2 3 4 |  4.3
Spellcasting   | 4 5 |  5.7
Armour         | 1 2 |  2.2
Fighting       | 1 2 |  2.1
Dodging        | |  2.5
Stealth        | |  2.5

Action                   |  1- 3 |  4- 6 |  7- 9 || total
-------------------------+-------+-------+-------++-------
Melee: Short sword       |    22 |       |       ||    22
       Quarterstaff      |       |       |     3 ||     3
 Cast: Flame Tongue      |    68 |    92 |    41 ||   201
       Throw Flame       |     6 |    31 |     3 ||    40
       Conjure Flame     |     1 |     4 |     4 ||     9
       Inner Flame       |       |     1 |     1 ||     2
       Sticky Flame      |       |     3 |     3 ||     6
  Use: Scroll            |       |     7 |       ||     7
       Potion            |       |     1 |       ||     1
  Eat: Chunk             |     3 |    10 |     2 ||    15
       Ration            |       |       |     1 ||     1
Armor: Robe              |    10 |     1 |       ||    11
       Leather armour    |       |     1 |       ||     1
Dodge: Dodged            |    43 |    14 |     5 ||    62
